 Dungeon Crawl Stone Soup version 0.29.1-2-gbd0b4ee654 (webtiles) character file.

Game seed: 11905400081088453469

555 leafyfresh the Sneak (level 7, 0/41 HPs)
             Began as an Octopode Earth Elementalist on Nov 12, 2022.
             Slain by a black bear (7 damage)
             ... on level 5 of the Dungeon.
             The game lasted 00:08:57 (7433 turns).

leafyfresh the Sneak (Octopode Earth Elementalist)  Turns: 7433, Time: 00:08:57

Health: 0/41       AC:  1    Str:  8    XL:     7   Next: 30%
Magic:  5/10       EV: 14    Int: 19    God:
Gold:   292        SH:  0    Dex: 12    Spells: 4/10 levels left

rFire   + . .      SeeInvis .   p - +2 short sword (freeze)
rCold   x . .      Faith    .   (no shield)
rNeg    . . .      Spirit   .   (helmet restricted)
rPois   .          Reflect  .   (no amulet)
rElec   .          Harm     .   y - ring of fire
rCorr   .          Rampage  .   (no ring)
Will    .....                   (no ring)
Stlth   ++++......              (no ring)
HPRegen 0.13/turn               (no ring)
MPRegen 0.12/turn               (no ring)
                                (no ring)
                                (no ring)

@: no status effects
A: almost no armour, amphibious, 8 rings, camouflage 1, gelatinous body 1,
(nimble swimmer 1), tentacles
a: no special abilities


You were on level 5 of the Dungeon.
You visited 1 branch of the dungeon, and saw 5 of its levels.

You collected 292 gold pieces.

Inventory:

Hand Weapons
 f - a +0 spear
 g - a +2 mace of draining
 i - a +1 flail of venom
 p - a +2 short sword of freezing (weapon)
Jewellery
 y - a ring of fire (left tentacle)
Scrolls
 b - 2 scrolls of teleportation
 c - 2 scrolls of vulnerability {unknown}
 h - a scroll of enchant weapon {unknown}
 r - 2 scrolls of torment {unknown}
 u - a scroll of immolation {unknown}
 v - a scroll of silence {unknown}
Potions
 a - a potion of magic
 k - 5 potions of curing
 l - 3 potions of heal wounds
 m - a potion of haste {unknown}
 n - a potion of mutation {unknown}
 o - a potion of cancellation {unknown}
 q - 3 potions of attraction
 s - 2 potions of lignification {unknown}
 t - a potion of ambrosia {unknown}
 w - 2 potions of might {unknown}
 z - a potion of berserk rage {unknown}


   Skills:
 - Level 3.9 Dodging
 - Level 5.6 Stealth
 - Level 2.0 Spellcasting
 + Level 2.8 Conjurations
 - Level 1.1 Transmutations
 - Level 4.5 Earth Magic
 + Level 3.4 Poison Magic


You had 4 spell levels left.
You knew the following spells:

 Your Spells              Type           Power      Damage    Failure   Level
a - Sandblast             Erth           38%        2d10      2%          1
b - Passwall              Tmut/Erth      10%        N/A       8%          2
c - Mephitic Cloud        Conj/Pois/Air  9%         N/A       22%         3

Your spell library contained the following spells:

 Spells                   Type           Power      Damage    Failure   Level
 Magic Dart               Conj           48%        1d5       5%          1
 Searing Ray              Conj           24%        2d5       8%          2
 Stone Arrow              Conj/Erth      32%        3d9       11%         3
 Call Imp                 Summ           1%         N/A       26%         2
 Petrify                  Tmut/Erth      12%        N/A       45%         4
 Fulminant Prism          Conj/Hex       3%         3d6       67%         4


Dungeon Overview and Level Annotations

Branches:
Dungeon (5/15)
 Temple: D:4-7

Altars:
Elyvilon
Gozag
Hepliaklqana
Nemelex Xobeh
Qazlal
Trog
Xom
Yredelemnul

Shops:
D:4 :

Annotations:
D:3 2 runed translucent doors, Sabo's ghost, amateur PaFi


Innate Abilities, Weirdness & Mutations

You cannot wear most types of armour.
You are amphibious.
You can wear up to eight rings at the same time.
Your skin changes colour to match your surroundings (Stealth+).
Your rubbery body absorbs attacks. (AC +1, EV +1)
((You are camouflaged when in or above water. (Stealth+)))
You have tentacles for arms and can constrict up to eight enemies at once.


Message History

Casting: Sandblast (safe; 2% risk of failure)
Confirm with . or Enter, or press ? or * to list all spells.
Aiming: Sandblast (safe; 2% risk of failure)
Press: ? - help, Shift-Dir - straight line, f/p - black bear
Aim: a black bear (moderately wounded, 87% to hit)
The blast of sand hits the black bear!
The black bear is severely wounded.
The black bear goes berserk!
The black bear completely misses you. The black bear claws you.
The black bear barely misses you.
Casting: Sandblast (safe; 2% risk of failure)
Confirm with . or Enter, or press ? or * to list all spells.
Aiming: Sandblast (safe; 2% risk of failure)
Press: ? - help, Shift-Dir - straight line, f/p - black bear
Aim: a black bear (severely wounded, berserk, 87% to hit)
The blast of sand misses the black bear.
The black bear bites you. The black bear closely misses you.
The black bear barely misses you. The black bear bites you.
The black bear barely misses you. The black bear claws you.
Casting: Sandblast (safe; 2% risk of failure)
Confirm with . or Enter, or press ? or * to list all spells.
Aiming: Sandblast (safe; 2% risk of failure)
Press: ? - help, Shift-Dir - straight line, f/p - black bear
Aim: a black bear (severely wounded, berserk, 87% to hit)
The blast of sand misses the black bear.
The black bear barely misses you. The black bear claws you. x2
The black bear barely misses you. x2; The black bear misses you.
Casting: Sandblast (safe; 2% risk of failure)
Confirm with . or Enter, or press ? or * to list all spells.
Aiming: Sandblast (safe; 2% risk of failure)
Press: ? - help, Shift-Dir - straight line, f/p - black bear
Aim: a black bear (severely wounded, berserk, 87% to hit)
The blast of sand hits the black bear.
The black bear is almost dead.
The black bear bites you.
* * * LOW HITPOINT WARNING * * *
The black bear claws you.
* * * LOW HITPOINT WARNING * * *
The black bear barely misses you. The black bear misses you.
The black bear claws you!
You die...

#.... #....
##+#... ########
#....# #......#
#....# ##.####.#
#....#
#...)...####....#
#.............#.#
#.....@########.#
#......h........#
##.####.######..#
#. .# #..# # .#
#..# #########..#
#..........#
#.#######.## #.#
#.#


You could see a black bear (berserk).

Vanquished Creatures
  Blork the orc (D:5)
  2 necrophages
  A scorpion (D:5)
  A hound (D:4)
  3 jellies
  3 iguanas
  A gnoll (D:3)
  2 adders
  An ufetubus (D:5)
  2 dart slugs
  8 ball pythons
  5 endoplasms
  3 giant cockroaches
  6 goblins
  11 hobgoblins
  7 jackals
  7 kobolds
  4 quokkas
  6 bats
  4 frilled lizards
  6 rats
84 creatures vanquished.

Notes
Turn   | Place    | Note
-------+----------+-------------------------------------------
     0 | D:1      | leafyfresh the Octopode Earth Elementalist began the quest
                  | for the Orb.
     0 | D:1      | Reached XP level 1. HP: 11/11 MP: 3/3
   174 | D:1      | Reached skill level 3 in Stealth
   191 | D:1      | Reached XP level 2. HP: 17/17 MP: 3/5
  1324 | D:1      | You fall into a shaft and drop 1 floor!
  1324 | D:2      | Found an opulent altar of Gozag.
  1501 | D:2      | Reached XP level 3. HP: 18/21 MP: 6/6
  1959 | D:1      | Found a faded altar of an unknown god.
  2287 | D:2      | Reached skill level 4 in Stealth
  2433 | D:2      | Learned a level 2 spell: Passwall
  2505 | D:3      | Reached XP level 4. HP: 23/27 MP: 4/7
  3517 | D:3      | Found a runed translucent door.
  3519 | D:3      | Noticed Sabo's ghost (amateur PaFi)
  3595 | D:3      | Found a runed translucent door.
  3949 | D:4      | Found Losonkan's Self-Improvement Boutique.
  3984 | D:4      | Reached XP level 5. HP: 19/31 MP: 3/8
  4840 | D:4      | Reached skill level 5 in Stealth
  5020 | D:4      | Reached XP level 6. HP: 29/36 MP: 3/9
  5279 | D:4      | Learned a level 3 spell: Mephitic Cloud
  5445 | D:5      | Entered Level 5 of the Dungeon
  5462 | D:5      | Noticed Blork the orc
  5473 | D:5      | Killed Blork the orc
  5474 | D:5      | Reached skill level 1 in Conjurations
  5474 | D:5      | Reached skill level 1 in Poison Magic
  6002 | D:5      | Found a sparkling altar of Nemelex Xobeh.
  6003 | D:5      | Found a hazy altar of Hepliaklqana.
  6005 | D:5      | Reached XP level 7. HP: 41/41 MP: 10/10
  6013 | D:5      | Found a bloodstained altar of Trog.
  6016 | D:5      | Found a basalt altar of Yredelemnul.
  6018 | D:5      | Found a stormy altar of Qazlal.
  6202 | D:5      | Found a shimmering altar of Xom.
  6206 | D:5      | Found a white marble altar of Elyvilon.
  7433 | D:5      | Slain by a black bear

Illustrated notes

Levels and vault maps discovered:
D:1:      tarquinn_simple_flora_water_a, layout_loops_ring,
          chequers_ecumenical_altar_grove, minmay_hexomino_f4
D:2:      layout_basic, basic_altar
D:3:      layout_loops_corners, ebering_ghost_sewer_f,
          hangedman_decor_slide_cut, minmay_cupped
D:4:      layout_loops_ring, nicolae_shop_self_help
D:5:      layout_basic, nicolae_overflow_hallway_of_the_gods, uniq_blork_the_orc

Skill      XL: |  1  2  3  4  5  6  7 |
---------------+----------------------+-----
Stealth        | 3 4 5 |  5.6
Dodging        | 3 |  3.9
Earth Magic    | 4 |  4.5
Conjurations   | 2 |  2.8
Poison Magic   | 2 3 |  3.4
Spellcasting   | |  2.0
Transmutations | |  1.1

Action                   |  1- 3 |  4- 6 |  7- 9 || total
-------------------------+-------+-------+-------++-------
Melee: Unarmed           |    19 |       |       ||    19
       Constrict         |    16 |     3 |     3 ||    22
       Mace              |    38 |       |       ||    38
       Tentacles         |     9 |     2 |     1 ||    12
       Punch             |     1 |       |       ||     1
       Short sword       |       |    15 |     8 ||    23
 Cast: Sandblast         |    25 |    47 |    18 ||    90
       Passwall          |       |     1 |       ||     1
  Use: Potion            |       |     1 |     1 ||     2
       Scroll            |       |       |     5 ||     5
 Stab: Sleeping          |    11 |     6 |       ||    17
Armor: Skin              |     9 |     1 |     1 ||    11
Dodge: Dodged            |    38 |    30 |    24 ||    92
